[Event "ICC tourney 2375 (15 3)"]
[Site "Internet Chess Club"]
[Date "2021.02.06"]
[Round "7"]
[White "rosealec"]
[Black "blueocean07"]
[Result "1-0"]
[ICCResult "Black forfeits on time"]
[WhiteElo "1228"]
[BlackElo "1737"]
[Opening "Sicilian: Grand Prix attack"]
[ECO "B23"]
[NIC "SI.44"]
[Time "18:01:18"]
[PlyCount "77"]
[TimeControl "900+3"]

1. e4 c5 2. Nc3 Nc6 3. f4 g6 4. Nf3 Bg7 5. Bc4 e6 6. O-O Nge7 7. Qe1 O-O 8.
d3 d5 9. Bb3 Nd4 10. Nxd4 Bxd4+ 11. Be3 Bxe3+ 12. Qxe3 d4 13. Qg3 dxc3 14.
bxc3 b6 15. Rae1 Bb7 16. f5 exf5 17. exf5 Nd5 18. Bxd5 Bxd5 19. f6 Re8 20.
Qg5 Rxe1 21. Rxe1 Be6 22. c4 Qd4+ 23. Kh1 Qf2 24. Rg1 Qf5 25. Qh4 g5 26.
Qe1 Qxf6 27. Rf1 Qg7 28. Qe4 Re8 29. Qb7 f5 30. Qf3 Bc8 31. h3 Qe7 32. Qh5
Bb7 33. Rxf5 Qe1+ 34. Kh2 Qe7 35. Rxg5+ Kh8 36. Rg3 Qe5 37. Qf7 Ba8 38. a3
Bc6 39. c3 { Black forfeits on time } 1-0

[Event "ICC tourney 2375 (15 3)"]
[Site "Internet Chess Club"]
[Date "2021.02.06"]
[Round "7"]
[White "lwidjaja"]
[Black "anirudha-menon"]
[Result "0-1"]
[ICCResult "White resigns"]
[WhiteElo "1482"]
[BlackElo "1769"]
[Opening "Sicilian: Smith-Morra gambit"]
[ECO "B21"]
[NIC "SI.48"]
[Time "18:01:57"]
[PlyCount "120"]
[TimeControl "900+3"]

1. e4 c5 2. d4 cxd4 3. c3 dxc3 4. Nxc3 g6 5. Bf4 Bg7 6. Rc1 d6 7. Bc4 Nf6
8. Nf3 O-O 9. O-O a6 10. Qd2 b5 11. Bb3 b4 12. Nd5 Nxe4 13. Qe3 e6 14. Nc7
Bb7 15. Nxa8 Bxa8 16. Rfd1 d5 17. Bc2 Bxb2 18. Bxe4 Bxc1 19. Qxc1 Qe7 20.
Bb1 Nd7 21. Qb2 a5 22. Bh6 f6 23. Bxf8 Kxf8 24. Re1 e5 25. Qd2 Kg7 26. Bc2
Qd6 27. h3 Nc5 28. Nh2 f5 29. Nf3 Nd7 30. Bb3 d4 31. Ng5 Nc5 32. Nf3 a4 33.
Bc4 Ne4 34. Qc1 h6 35. Bd3 b3 36. Bxe4 Bxe4 37. Nd2 Bc2 38. Nc4 Qb4 39. Nd2
e4 40. axb3 axb3 41. Qb2 Qxd2 42. Ra1 h5 43. Ra7+ Kh6 44. Qa3 Qe1+ 45. Kh2
Qxf2 46. Qf8+ Kg5 47. Qe7+ Kf4 48. Qg7 b2 49. Qh6+ g5 50. Qd6+ Ke3 51. Qa3+
Bd3 52. Rb7 Qf4+ 53. Kh1 Qf1+ 54. Kh2 b1=Q 55. Rxb1 Qxb1 56. Qd6 Qe1 57. h4
Qxh4+ 58. Kg1 Qf2+ 59. Kh1 Qf1+ 60. Kh2 Qf4+ { White resigns } 0-1

[Event "ICC tourney 2375 (15 3)"]
[Site "Internet Chess Club"]
[Date "2021.02.06"]
[Round "7"]
[White "ChrisHinkle"]
[Black "Najeebhadi"]
[Result "0-1"]
[ICCResult "White resigns"]
[WhiteElo "1513"]
[BlackElo "1700"]
[Opening "KGD: classical, 4.c3"]
[ECO "C30"]
[NIC "KG.05"]
[Time "18:01:25"]
[PlyCount "86"]
[TimeControl "900+3"]

1. e4 e5 2. f4 Bc5 3. Nf3 d6 4. c3 Bg4 5. h3 Bxf3 6. Qxf3 Nc6 7. Bb5 Ne7 8.
fxe5 dxe5 9. Rf1 f6 10. Bc4 Na5 11. Be2 Bb6 12. b4 Nac6 13. Bc4 a5 14. b5
Na7 15. Qg4 Ng6 16. Ba3 Qd7 17. Qxd7+ Kxd7 18. Bb2 Nf4 19. a4 Nxg2+ 20. Kd1
Rad8 21. Kc1 Nc8 22. Be2 h5 23. d4 Nf4 24. Bc4 Nd6 25. Bd5 Nd3+ 26. Kc2
Nxb2 27. Kxb2 exd4 28. c4 c6 29. Rc1 cxd5 30. c5 Nc4+ 31. Kb3 Bxc5 32. exd5
Rhe8 33. Kxc4 b6 34. Nd2 Rc8 35. Nb3 Ba3+ 36. Kxd4 Bxc1 37. Rxc1 Rxc1 38.
Nxc1 f5 39. Nd3 Re4+ 40. Kc3 Re3 41. Kd4 Rxd3+ 42. Kxd3 g5 43. Kd4 g4 {
White resigns } 0-1

[Event "ICC tourney 2375 (15 3)"]
[Site "Internet Chess Club"]
[Date "2021.02.06"]
[Round "7"]
[White "mohitbayyarapu"]
[Black "GSHenry"]
[Result "1-0"]
[ICCResult "Black checkmated"]
[WhiteElo "1742"]
[BlackElo "1670"]
[Opening "Caro-Kann: classical variation"]
[ECO "B18"]
[NIC "CK.10"]
[Time "18:01:19"]
[PlyCount "117"]
[TimeControl "900+3"]

1. e4 c6 2. d4 d5 3. Nc3 dxe4 4. Nxe4 Bf5 5. Ng3 Bg6 6. Bc4 e6 7. N1e2 Nf6
8. Nf4 Nbd7 9. h4 Bd6 10. h5 Bxf4 11. Bxf4 Bf5 12. Nxf5 Qa5+ 13. c3 Qxf5
14. Be3 Nd5 15. Bxd5 Qxd5 16. Qg4 Rg8 17. Qg3 O-O-O 18. Qg4 Nf6 19. Qg5 h6
20. Qxd5 exd5 21. O-O-O Rge8 22. Rde1 Ng4 23. Rh4 f5 24. Kd2 Re6 25. f3 Nf6
26. Bf4 Rxe1 27. Kxe1 Re8+ 28. Be5 Nd7 29. f4 Re7 30. Kf2 Rf7 31. Rh3 Nf6
32. Bxf6 Rxf6 33. Re3 Kd7 34. Re5 b6 35. Kf3 a5 36. g4 fxg4+ 37. Kxg4 Re6
38. Kf5 Rf6+ 39. Kg4 Re6 40. f5 Re7 41. Kf4 Kd6 42. Rxe7 Kxe7 43. Ke5 a4
44. b3 a3 45. c4 c5 46. dxc5 bxc5 47. Kxd5 Kd7 48. Kxc5 Kc7 49. Kd5 Kd7 50.
c5 Kc7 51. c6 Kc8 52. Kd6 Kb8 53. Kd7 g6 54. hxg6 h5 55. g7 h4 56. g8=Q+
Ka7 57. Kc7 h3 58. Qb8+ Ka6 59. Qb6# { Black checkmated } 1-0

[Event "ICC tourney 2375 (15 3)"]
[Site "Internet Chess Club"]
[Date "2021.02.06"]
[Round "7"]
[White "lokesh888"]
[Black "sujashankar"]
[Result "0-1"]
[ICCResult "White checkmated"]
[WhiteElo "1058"]
[BlackElo "1749"]
[Opening "Sicilian"]
[ECO "B50"]
[NIC "SI.01"]
[Time "18:01:13"]
[PlyCount "110"]
[TimeControl "900+3"]

1. e4 c5 2. Nf3 d6 3. c4 Nf6 4. Nc3 Nc6 5. d4 cxd4 6. Nxd4 g6 7. Nxc6 bxc6
8. b3 Bg7 9. Bb2 Nxe4 10. Qc2 Nf6 11. Bd3 O-O 12. O-O d5 13. cxd5 cxd5 14.
Rad1 Bb7 15. Rfe1 Rc8 16. Qd2 e6 17. Ba3 Re8 18. Nb5 Bf8 19. Bxf8 Rxf8 20.
Nxa7 Ra8 21. Nb5 Qb6 22. Qe3 Qxe3 23. Rxe3 Rxa2 24. Nd4 Rfa8 25. h3 Ra1 26.
Ree1 Rxd1 27. Rxd1 Ba6 28. Ra1 Bb7 29. Rxa8+ Bxa8 30. b4 Kf8 31. Kf1 Ke7
32. Ke2 e5 33. Nb3 Kd6 34. Kd2 Kc7 35. Nc5 Bb7 36. Nxb7 Kxb7 37. Kc2 Kb6
38. Kb3 Nd7 39. Ka4 e4 40. Bf1 Ne5 41. b5 f5 42. Be2 d4 43. f4 Nd3 44. Kb3
Nc1+ 45. Kc4 Nxe2 46. g4 Nxf4 47. gxf5 gxf5 48. Kxd4 Nxh3 49. Ke5 e3 50.
Kxf5 e2 51. Kg4 e1=Q 52. Kxh3 Kxb5 53. Kg4 Qg1+ 54. Kh5 Kc5 55. Kh6 Qg6# {
White checkmated } 0-1

[Event "ICC tourney 2375 (15 3)"]
[Site "Internet Chess Club"]
[Date "2021.02.06"]
[Round "7"]
[White "fabianolivares"]
[Black "StallionItalian"]
[Result "1-0"]
[ICCResult "Black forfeits on time"]
[WhiteElo "1714"]
[BlackElo "1156"]
[Opening "Queen's Indian: 4.Nc3, main line"]
[ECO "E13"]
[NIC "QO.17"]
[Time "18:01:14"]
[PlyCount "83"]
[TimeControl "900+3"]

1. d4 b6 2. c4 Bb7 3. Nc3 Nf6 4. Nf3 e6 5. Bg5 h6 6. Bh4 Bb4 7. e3 O-O 8.
Bd3 g5 9. Bg3 Ne4 10. Rc1 f5 11. O-O Bxc3 12. bxc3 d6 13. Qe2 Nd7 14. Nd2
Ndf6 15. f3 Nxg3 16. hxg3 c5 17. e4 Nh5 18. Kh2 f4 19. gxf4 Nxf4 20. Qe3
Qe8 21. g4 Qf7 22. Kg3 Nxd3 23. Qxd3 Qf4+ 24. Kg2 Kg7 25. Rh1 Rad8 26. d5
e5 27. Rh3 Rd7 28. Rch1 Rh8 29. Nf1 Bc8 30. Ng3 Qf8 31. Nf5+ Kg6 32. a4
Rdh7 33. Ng3 a5 34. Rb1 Rb7 35. Qd1 Bd7 36. Nh5 Qe8 37. Ra1 Qa8 38. Qb3 Qc8
39. Kg3 Rf8 40. Qd1 Be8 41. Kg2 Kh7 42. Ng3 { Black forfeits on time } 1-0